 Dungeon Crawl Stone Soup version 0.29-a0-872-g797fff5ad1 (webtiles) character file.

Game seed: 1931233717853472616

352 lesbiats the Conjurer (level 6, 0/44 HPs)
             Began as a Gnoll Conjurer on July 19, 2022.
             Slain by a centaur (2 damage)
             ... on level 4 of the Dungeon.
             The game lasted 00:15:09 (3935 turns).

lesbiats the Conjurer (Gnoll Conjurer)              Turns: 3935, Time: 00:15:10

Health: 0/44       AC:  4    Str:  6    XL:     6   Next: 61%
Magic:  10/14      EV: 12    Int: 19    God:
Gold:   122        SH:  0    Dex: 11    Spells: 11/15 levels left

rFire   . . .      SeeInvis .   a - +0 hand axe
rCold   . . .      Faith    .   (no shield)
rNeg    . . .      Spirit   .   q - +0 leather armour
rPois   .          Reflect  .   (no helmet)
rElec   .          Harm     .   (no cloak)
rCorr   .          Rampage  .   n - +0 pair of gloves
Will    .....                   (no boots)
Stlth   ++........              (no amulet)
HPRegen 0.14/turn               (no ring)
MPRegen 0.14/turn               (no ring)

@: no status effects
A: fangs 1, strong nose, distributed training
a: no special abilities


You were on level 4 of the Dungeon.
You visited 1 branch of the dungeon, and saw 4 of its levels.

You collected 122 gold pieces.

Inventory:

Hand Weapons
 a - a +0 hand axe (weapon)
 b - a +0 sling
 w - a +2 antimagic spear
Missiles
 g - 6 poisoned darts
Armour
 f - a +0 robe
 n - a +0 pair of gloves (worn)
 q - a +0 leather armour (worn)
Jewellery
 o - a ring of ice
Wands
 s - a wand of flame (21)
Scrolls
 c - a scroll of fog {unknown}
 e - 2 scrolls of teleportation {unknown}
 h - 2 scrolls of identify {unknown}
 i - 2 scrolls of noise {unknown}
 j - a scroll of vulnerability {unknown}
 k - a scroll of torment {unknown}
 p - a scroll of poison {unknown}
 u - a scroll of magic mapping {unknown}
 v - a scroll of amnesia {unknown}
 x - a scroll of blinking {unknown}
 y - a scroll of silence {unknown}
Potions
 d - 2 potions of flight {unknown}
 l - a potion of might {unknown}
 m - a potion of magic
 r - a potion of lignification {unknown}
 t - a potion of mutation {unknown}


   Skills:
 + Level 2.1 Fighting
 + Level 2.1 Short Blades
 + Level 2.1 Long Blades
 + Level 2.1 Axes
 + Level 2.1 Maces & Flails
 + Level 2.1 Polearms
 + Level 2.1 Staves
 + Level 2.1 Ranged Weapons
 + Level 2.1 Throwing
 + Level 2.1 Armour
 + Level 5.0 Dodging
 + Level 4.7 Stealth
 + Level 2.1 Shields
 + Level 2.1 Unarmed Combat
 + Level 5.4 Spellcasting
 + Level 7.3 Conjurations
 + Level 1.7 Hexes
 + Level 1.7 Summonings
 + Level 1.7 Necromancy
 + Level 1.7 Translocations
 + Level 1.7 Transmutations
 + Level 1.7 Fire Magic
 + Level 1.7 Ice Magic
 + Level 1.7 Air Magic
 + Level 1.7 Earth Magic
 + Level 1.7 Poison Magic
 + Level 2.3 Invocations
 + Level 2.1 Evocations


You had 11 spell levels left.
You knew the following spells:

 Your Spells              Type           Power      Damage    Failure   Level
a - Magic Dart            Conj           100%       1d8       1%          1
b - Searing Ray           Conj           66%        2d6       1%          2
f - Foxfire               Conj/Fire      88%        2x1d8     2%          1

Your spell library contained the following spells:

 Spells                   Type           Power      Damage    Failure   Level
 Conjure Flame            Conj/Fire      22%        6-21      9%          3
 Dazzling Flash           Conj/Hex       44%        N/A       9%          3
 Gell's Gravitas          Tloc           11%        N/A       26%         3
 Inner Flame              Hex/Fire       11%        N/A       26%         3
 Lesser Beckoning         Tloc           11%        N/A       26%         3
 Teleport Other           Tloc           11%        N/A       26%         3
 Flame Wave               Conj/Fire      22%        2d7       28%         4
 Fulminant Prism          Conj/Hex       11%        3d9       28%         4
 Iskenderun's Mystic Bla  Conj/Tloc      22%        2d6       28%         4


Dungeon Overview and Level Annotations

Branches:
Dungeon (4/15)
 Temple: D:4-7

Altars:
Hepliaklqana

Shops:
D:1 [   D:3 (

Annotations:
D:3 3 runed translucent doors, flyleaff's ghost, amateur OpTm; peter4's ghost, amateur OgTm


Innate Abilities, Weirdness & Mutations

You have very sharp teeth.
Your uncanny sense of smell can sniff out nearby items.
Your experience applies equally to all skills.


Message History

The foxfire hits the centaur but does no damage.
The centaur shouts!
The centaur wields a +0 shortbow.
The centaur shoots an arrow.
The arrow barely misses you.
Aiming: Magic Dart (safe; 1% risk of failure)
Press: ? - help, Q - select action, (/) - cycle Shift-Dir - straight line, f - centaur
Aim: a centaur, wielding a +0 shortbow (100% to hit)
The magic dart hits the centaur.
The centaur is moderately wounded.
The centaur shoots an arrow.
The arrow hits you!
Unknown command.
Aiming: Magic Dart (safe; 1% risk of failure)
Press: ? - help, Q - select action, (/) - cycle Shift-Dir - straight line, f/p - centaur
Aim: a centaur, wielding a +0 shortbow (moderately wounded, 100% to hit)
The magic dart hits the centaur.
The centaur is moderately wounded.
The centaur shoots an arrow.
The arrow hits you!
Casting: Magic Dart (safe; 1% risk of failure)
Confirm with . or Enter, or press ? or * to list all spells.
You conjure some foxfire!
The centaur shoots an arrow.
The arrow hits you!
* * * LOW HITPOINT WARNING * * *
The centaur shoots an arrow.
The arrow misses you.
The arrow completely misses your foxfire.
The foxfire hits the centaur!
The centaur is severely wounded.
The foxfire hits the centaur.
The centaur is almost dead.
The centaur unwields a +0 shortbow.
The centaur closely misses you. The centaur barely misses you.
Casting: Foxfire (safe; 2% risk of failure)
Confirm with . or Enter, or press ? or * to list all spells.
You conjure some foxfire!
The centaur completely misses you. The centaur barely misses you.
The centaur hits you.
* * * LOW HITPOINT WARNING * * *
The centaur kicks you.
* * * LOW HITPOINT WARNING * * *
The centaur attacks as you move away! The centaur hits you.
* * * LOW HITPOINT WARNING * * *
The centaur kicks you.
You die...

.... #. ..#..# .
.....# .###..#.#
.......# .....###
######.?.....
#.....vc.#
#.####@#.# #
####.####v#.#..).
..##.##.......#
#.##.........##
#.##.##.#.....#
##.##.##.#........
#............#####
## #
#..##.######.# .#
#.#..##... .#


You could see a centaur (ally target).

Vanquished Creatures
  Grinder (D:4)
  Natasha (thrice) (D:2)
  4 adders
  2 worms (D:2)
  2 dart slugs
  5 endoplasms
  6 goblins
  3 hobgoblins
  2 jackals (D:1)
  7 kobolds
  3 quokkas
  3 ball pythons
  4 bats
  2 frilled lizards
  5 rats
52 creatures vanquished.

Vanquished Creatures (others)
  31 foxfires
  5 withered plants (D:3)
36 creatures vanquished.

Grand Total: 88 creatures vanquished

Notes
Turn   | Place    | Note
-------+----------+-------------------------------------------
     0 | D:1      | lesbiats the Gnoll Conjurer began the quest for the Orb.
     0 | D:1      | Reached XP level 1. HP: 13/13 MP: 6/6
   207 | D:1      | Reached XP level 2. HP: 18/19 MP: 4/7
   226 | D:1      | Learned a level 2 spell: Searing Ray
   819 | D:1      | Found Kutaich's Antique Armour Shop.
   855 | D:1      | Found a faded altar of an unknown god.
   892 | D:1      | Learned a level 1 spell: Foxfire
  1212 | D:2      | Reached skill level 5 in Spellcasting
  1212 | D:2      | Reached XP level 3. HP: 25/25 MP: 4/9
  1275 | D:2      | Reached skill level 1 in Invocations
  1667 | D:2      | Reached skill level 1 in Fighting
  1667 | D:2      | Reached skill level 1 in Short Blades
  1667 | D:2      | Reached skill level 1 in Long Blades
  1667 | D:2      | Reached skill level 1 in Axes
  1667 | D:2      | Reached skill level 1 in Maces & Flails
  1667 | D:2      | Reached skill level 1 in Polearms
  1667 | D:2      | Reached skill level 1 in Staves
  1667 | D:2      | Reached skill level 1 in Ranged Weapons
  1667 | D:2      | Reached skill level 1 in Throwing
  1667 | D:2      | Reached skill level 1 in Armour
  1667 | D:2      | Reached skill level 1 in Shields
  1667 | D:2      | Reached skill level 1 in Unarmed Combat
  1667 | D:2      | Reached skill level 1 in Evocations
  1868 | D:2      | Noticed Natasha
  1875 | D:2      | Killed Natasha
  1876 | D:2      | Reached skill level 1 in Hexes
  1876 | D:2      | Reached skill level 1 in Summonings
  1876 | D:2      | Reached skill level 1 in Necromancy
  1876 | D:2      | Reached skill level 1 in Translocations
  1876 | D:2      | Reached skill level 1 in Transmutations
  1876 | D:2      | Reached skill level 1 in Fire Magic
  1876 | D:2      | Reached skill level 1 in Ice Magic
  1876 | D:2      | Reached skill level 1 in Air Magic
  1876 | D:2      | Reached skill level 1 in Earth Magic
  1876 | D:2      | Reached skill level 1 in Poison Magic
  1876 | D:2      | Reached XP level 4. HP: 32/32 MP: 9/11
  2106 | D:2      | Noticed Natasha
  2114 | D:2      | Killed Natasha
  2360 | D:2      | Reached XP level 5. HP: 37/37 MP: 7/12
  2458 | D:2      | Noticed Natasha
  2467 | D:2      | Killed Natasha
  2597 | D:3      | Found Githaf's Weapon Shop.
  3322 | D:3      | Found a hazy altar of Hepliaklqana.
  3402 | D:3      | Found a runed translucent gate.
  3402 | D:3      | Found a runed translucent gate.
  3403 | D:3      | Found a runed translucent gate.
  3406 | D:3      | Noticed peter4's ghost (amateur OgTm)
  3406 | D:3      | Noticed flyleaff's ghost (amateur OpTm)
  3780 | D:4      | Noticed Grinder
  3794 | D:4      | Paralysed by Grinder for 2 turns
  3798 | D:4      | Killed Grinder
  3799 | D:4      | Reached skill level 5 in Dodging
  3799 | D:4      | Reached XP level 6. HP: 32/44 MP: 10/14
  3935 | D:4      | HP: 2/44 [centaur (3)]
  3935 | D:4      | Slain by a centaur

Illustrated notes

Levels and vault maps discovered:
D:1:      dpeg_arrival_more_subterranean_lakeside_camping, layout_basic,
          serial_shops, nicolae_shop_stone,
          shapermc_ecumenical_altar_mp_urbaneastern
D:2:      layout_loops_ring, uniq_natasha
D:3:      layout_loops_ring, worldfamousw_hep_ancestral_shrine,
          gammafunk_ghost_cemetery, serial_shops, nicolae_shop_waterfront
D:4:      layout_loops_corners, gammafunk_ghost_necromancy, uniq_grinder

Skill      XL: |  1  2  3  4  5 |
---------------+----------------+-----
Spellcasting   | 5 |  5.4
Invocations    | 1 2 |  2.3
Fighting       | 1 2 |  2.1
Short Blades   | 1 2 |  2.1
Long Blades    | 1 2 |  2.1
Axes           | 1 2 |  2.1
Maces & Flails | 1 2 |  2.1
Polearms       | 1 2 |  2.1
Staves         | 1 2 |  2.1
Ranged Weapons | 1 2 |  2.1
Throwing       | 1 2 |  2.1
Armour         | 1 2 |  2.1
Shields        | 1 2 |  2.1
Unarmed Combat | 1 2 |  2.1
Evocations     | 1 2 |  2.1
Hexes          | 1 |  1.7
Summonings     | 1 |  1.7
Necromancy     | 1 |  1.7
Translocations | 1 |  1.7
Transmutations | 1 |  1.7
Fire Magic     | 1 |  1.7
Ice Magic      | 1 |  1.7
Air Magic      | 1 |  1.7
Earth Magic    | 1 |  1.7
Poison Magic   | 1 |  1.7
Dodging        | 5 |  5.0
Stealth        | |  4.7
Conjurations   | |  7.3

Action                   |  1- 3 |  4- 6 || total
-------------------------+-------+-------++-------
Melee: Hand axe          |    12 |    18 ||    30
       Punch             |     1 |       ||     1
       Bite              |       |     3 ||     3
 Fire: Sling             |     6 |     6 ||    12
Throw: Dart              |     4 |     4 ||     8
 Cast: Magic Dart        |    41 |    23 ||    64
       Foxfire           |     5 |    14 ||    19
       Searing Ray       |     3 |     1 ||     4
 Stab: Sleeping          |       |     2 ||     2
Armor: Robe              |     3 |       ||     3
       Leather armour    |       |     6 ||     6
Dodge: Dodged            |    12 |    27 ||    39

Table legend: (Time is in decaauts)
 A = Elapsed time spent in this place.
 B = Non-inter-level travel time spent in this place.
 C = Inter-level travel time spent in this place.
 D = Time resting spent in this place.
 E = Time spent auto-exploring this place.
 F = Levels seen in this place.
 G = Mean time per level.
                   A        B        C        D        E       F      G
               +--------+--------+--------+--------+--------+-----+--------+
         Total |   3950 |   3685 |    265 |   1386 |   1826 |   4 |  987.5 |
       Dungeon |   3950 |   3685 |    265 |   1386 |   1826 |   4 |  987.5 |
               +--------+--------+--------+--------+--------+-----+--------+

Top non-repeatable levels by time:
     D:2: 1482 daAuts
     D:3: 1150 daAuts
     D:1: 1102 daAuts
     D:4: 215 daAuts
